[Event "360 One Wealth GP-3 2024"]
[Site "Mumbai"]
[Date "2024.02.11"]
[Round "7.11"]
[White "Iyer Vivek"]
[Black "Jha Mayan S"]
[Result "1-0"]
[ECO "A22"]
[WhiteElo "1359"]
[BlackElo "1051"]
[Annotator "NA RC"]
[PlyCount "75"]
[EventDate "2024.02.04"]
[EventType "swiss"]
[EventCountry "IND"]
[SourceTitle "playchess.com"]
[Source "ChessBase"]
[SourceQuality "1"]
[TimeControl "5400+30"]

1. c4 e5 2. g3 Bc5 3. Nc3 Nf6 4. Bg2 d6 5. Nf3 Be6 6. d3 h6 7. O-O Qd7 8. Nd2 Nc6 9. Nd5 O-O-O 10. a3 Bh3 11. Nxf6 gxf6 12. Ne4 Bxg2 13. Kxg2 f5 14. Nf6 Qe6 15. Nd5 f4 16. e3 fxg3 17. fxg3 Ne7 18. Rf6 Qd7 19. Rxf7 Rde8 20. b4 Bb6 21. Qh5 Qd8 22. Qh3+ Kb8 23. Nf6 c5 24. Nxe8 Rxe8 25. Qxh6 d5 26. bxc5 Bxc5 27. Rb1 dxc4 28. Qa6 Qd5+ 29. e4 Qd7 30. Qxc4 Bb6 31. Bg5 Rh8 32. h4 Rc8 33. Rxe7 Qg4 34. Qa2 Rf8 35. Rf7 Rc8 36. Rbf1 Bc5 37. Qd5 Bxa3 38. Qxb7# 1-0

[Event "360 One Wealth GP-3 2024"]
[Site "Mumbai"]
[Date "2024.02.11"]
[Round "7.12"]
[White "Miranka Trishad"]
[Black "Patel Shubh"]
[Result "1-0"]
[ECO "B13"]
[WhiteElo "1341"]
[BlackElo "1083"]
[Annotator "NA RC"]
[PlyCount "119"]
[EventDate "2024.02.04"]
[EventType "swiss"]
[EventCountry "IND"]
[SourceTitle "playchess.com"]
[Source "ChessBase"]
[SourceQuality "1"]
[TimeControl "5400+30"]

1. e4 c6 2. d4 d5 3. exd5 cxd5 4. Bd3 Nc6 5. c3 Nf6 6. Ne2 Bg4 7. Bf4 e6 8. Nd2 Bd6 9. Bg3 Qc7 10. Qa4 O-O 11. O-O-O e5 12. dxe5 Nxe5 13. Bxe5 Bxe5 14. f3 Be6 15. Nb3 a6 16. Nbd4 b5 17. Qc2 Rfc8 18. Kb1 Kh8 19. g4 b4 20. Nxe6 fxe6 21. cxb4 Qb6 22. Qa4 a5 23. b5 Nd7 24. f4 Bf6 25. g5 Be7 26. Nd4 Rab8 27. Rd2 Nc5 28. Qd1 Nxd3 29. Rxd3 Bc5 30. a4 Bxd4 31. Rxd4 Rc5 32. Re1 Qd6 33. Qe2 Rb6 34. f5 Qe7 35. fxe6 Qxg5 36. e7 Qg6+ 37. Ka1 Qe8 38. Qh5 Rb8 39. Rxd5 Qxh5 40. Rxh5 Rcc8 41. Rhe5 Re8 42. Ka2 g6 43. Ka3 Rb6 44. b4 Rd6 45. R1e3 axb4+ 46. Kxb4 Rd4+ 47. Ka5 Ra8+ 48. Kb6 Re8 49. a5 Kg7 50. Kc7 Kf6 51. Re6+ Kf7 52. Rd6 Rb4 53. Kd7 Rb8 54. e8=Q+ Rxe8 55. Rxe8 Rxb5 56. Re7+ Kf8 57. Rf6+ Kg8 58. Rb6 Rd5+ 59. Ke6 Rd8 60. a6 1-0

[Event "360 One Wealth GP-3 2024"]
[Site "Mumbai"]
[Date "2024.02.11"]
[Round "7.15"]
[White "Joglekar, Abhijit"]
[Black "Shaurya Kaushal Shah"]
[Result "1-0"]
[ECO "A85"]
[WhiteElo "1502"]
[BlackElo "1063"]
[Annotator "NA RC"]
[PlyCount "145"]
[EventDate "2024.02.04"]
[EventType "swiss"]
[EventCountry "IND"]
[SourceTitle "playchess.com"]
[Source "ChessBase"]
[SourceQuality "1"]
[TimeControl "5400+30"]

1. d4 e6 2. c4 f5 3. Nc3 Nf6 4. Qc2 Bb4 5. Bd2 O-O 6. f3 Bxc3 7. Bxc3 b6 8. e3 Bb7 9. Bd3 d6 10. Ne2 Nbd7 11. O-O Nh5 12. Rae1 Qg5 13. Bd2 Qf6 14. Ng3 Nxg3 15. hxg3 Rf7 16. Kf2 e5 17. d5 e4 18. Be2 Re8 19. f4 c6 20. Bc3 Qe7 21. dxc6 Bxc6 22. b4 Nf6 23. Bxf6 Qxf6 24. Rd1 Rfe7 25. Rd4 g5 26. Rh1 g4 27. Qd1 Rd8 28. Rh5 h6 29. Qd2 Be8 30. Rh1 Bf7 31. Rd1 Red7 32. Qc2 h5 33. R1d2 h4 34. c5 Rc7 35. Qd1 d5 36. cxb6 axb6 37. Bc4 Rcd7 38. Bxd5 Bxd5 39. Rxd5 Rxd5 40. Rxd5 Rxd5 41. Qxd5+ Kg7 42. Qd2 h3 43. gxh3 gxh3 44. Kg1 Qg6 45. Kh2 Qg4 46. Qf2 b5 47. Qf1 Qh5 48. Qxb5 Qf3 49. Qd7+ Kf6 50. Qd6+ Kf7 51. Qd2 Qf1 52. a4 Qd3 53. Qf2 Qb3 54. Kxh3 Qxa4 55. Qd2 Qb5 56. Kg2 Ke6 57. Kf2 Qc4 58. Qb2 Qd3 59. Qe5+ Kf7 60. Qxf5+ Kg7 61. Qe5+ Kh7 62. Qb2 Qd7 63. Qd4 Qe6 64. Kg2 Qa2+ 65. Kh3 Qe6+ 66. g4 Qh6+ 67. Kg2 Qg6 68. Qd7+ Kh8 69. Qd8+ Kh7 70. Qh4+ Kg8 71. Qg5 Kh8 72. Qh5+ Qxh5 73. gxh5 1-0